 Dungeon Crawl Stone Soup version 0.29.0-4-gdea44cf6ec (webtiles) character file.

Game seed: 7227880632132698730

494 qw the Chopper (level 7, 0/43 HPs)
             Began as a Tengu Warper on Aug 28, 2022.
             Slain by a gnoll
             ... wielding a +0 spear
              (4 damage)
             ... on level 4 of the Dungeon.
             The game lasted 00:00:25 (4028 turns).

qw the Chopper (Tengu Warper)                       Turns: 4028, Time: 00:00:26

Health: 0/43       AC:  5    Str: 20    XL:     7   Next: 15%
Magic:  11/11      EV: 13    Int: 16    God:
Gold:   162        SH:  0    Dex: 13    Spells: 10/10 levels left

rFire   . . .      SeeInvis .   Y - +0 hand axe
rCold   . . .      Faith    .   (no shield)
rNeg    . . .      Spirit   .   b - +0 ring mail of the Worm {Str+7 Int+2}
rPois   .          Reflect  .   (helmet restricted)
rElec   .          Harm     .   (no cloak)
rCorr   .          Rampage  .   (no gloves)
Will    .....                   (boots unavailable)
Stlth   +.........              (no amulet)
HPRegen 0.14/turn               (no ring)
MPRegen 0.12/turn               (no ring)

@: flying quickly and evasively, quick
A: beak, talons 3, nimble flight
a: no special abilities


You were on level 4 of the Dungeon.
You visited 1 branch of the dungeon, and saw 4 of its levels.

You collected 162 gold pieces.


Innate Abilities, Weirdness & Mutations

You have a beak for a mouth.
You have claws for feet.
Your magical nature lets you fly swiftly and evasively.


   Skills:
 - Level 4.2 Fighting
 + Level 7.1 Axes
 - Level 1.0 Throwing
 - Level 1.1 Armour
 - Level 2.1 Dodging
 - Level 2.0 Spellcasting
 - Level 2.4 Translocations


You had 10 spell levels left.
You didn't know any spells.
Your spell library contained the following spells:

 Spells                   Type           Power      Damage    Failure   Level
 Blink                    Tloc           18%        N/A       21%         2
 Gell's Gravitas          Tloc           9%         N/A       36%         3
 Lesser Beckoning         Tloc           9%         N/A       36%         3
 Teleport Other           Tloc           9%         N/A       36%         3
 Manifold Assault         Tloc           9%         N/A       98%         5

Inventory:

Hand Weapons
 h - a +0 whip
 Y - a +0 hand axe (weapon)
Armour
 b - the +0 ring mail of the Worm (worn) {Str+7 Int+2}
   (You found it on level 3 of the Dungeon)

   Str:       It affects your strength (+7).
   Int:       It affects your intelligence (+2).
Scrolls
 c - 2 scrolls of identify
Potions
 a - a potion of heal wounds {unknown}
 e - 2 potions of curing
 g - a potion of attraction {unknown}
 i - a potion of lignification {unknown}

Dungeon Overview and Level Annotations

Branches:
Dungeon (4/15)
 Temple: D:4-7

Altars:
The Shining One


Message History

The crimson imp barely misses you.
The shadow imp sputters.
The shadow imp closely misses you. Eustachio hits you with a +0 falchion.
You hit Eustachio. You peck Eustachio.
Eustachio is severely wounded.
You hit the crimson imp.
You hit the shadow imp but do no damage.
The crimson imp closely misses you. The shadow imp misses you.
Eustachio hits you with a +0 falchion.
The gnoll hits you from afar with a +0 spear.
You closely miss Eustachio. Your peck misses Eustachio.
Eustachio is severely wounded.
You miss the crimson imp.
You hit the shadow imp but do no damage.
The crimson imp hits you but does no damage.
The shadow imp barely misses you. Eustachio closely misses you.
The gnoll hits you from afar with a +0 spear.
You hit Eustachio. Your kick misses Eustachio. Your peck misses Eustachio.
Eustachio is almost dead.
You hit the crimson imp but do no damage.
You hit the shadow imp. The shadow imp gestures at you.
Pain shoots through your body!
The crimson imp summons a swarm of flies.
The crimson imp barely misses you.
You hit Eustachio.
Eustachio is almost dead.
You barely miss the crimson imp. You closely miss the shadow imp.
The gnoll closely misses you. Eustachio hits you with a +0 falchion.
The crimson imp blinks!
The crimson imp closely misses you. The shadow imp hits you.
You completely miss Eustachio. You claw Eustachio.
You kill Eustachio!
The crimson imp disappears in a puff of smoke!
The shadow imp disappears in a puff of smoke!
The gnoll misses you.
Your Fighting skill gained 2 levels and is now at level 4!
You have reached level 7!
The gnoll hits you with a +0 spear.
You die...

#.#.#.#.##
##.#.#.#.#
#..#.....#
#.........
#..###.###
#..#.#...
#..#.#¤###.##
##....)......
#...@¤......
#.###g#.#.##
#.. ¤# # #.#
.# #.. .. ...
.. ..# .## .#


You could see a gnoll.

Vanquished Creatures
  Eustachio (D:4)
  An ogre (D:4)
  A phantom (D:4)
  A necrophage (D:4)
  5 adders
  A worm (D:3)
  3 dart slugs (D:1)
  An orc (D:3)
  6 endoplasms
  3 giant cockroaches
  12 goblins
  4 hobgoblins
  12 jackals
  9 quokkas
  9 ball pythons
  5 bats
  5 frilled lizards
  7 kobolds
  6 rats
92 creatures vanquished.

Vanquished Creatures (others)
  15 plants (D:3)
15 creatures vanquished.

Grand Total: 107 creatures vanquished

Notes
Turn   | Place    | Note
-------+----------+-------------------------------------------
     0 | D:1      | qw the Tengu Warper began the quest for the Orb.
     0 | D:1      | Reached XP level 1. HP: 12/12 MP: 4/4
     0 | D:1      | 0 ||| qw: Version: 0.1-a-89-g26bdef1
     0 | D:1      | 0 ||| qw: Game counter: 1904
     0 | D:1      | 0 ||| qw: Always use a shield: true
     0 | D:1      | 0 ||| qw: God list: Okawaru
     0 | D:1      | 0 ||| qw: Allow faded altars: false
     0 | D:1      | 0 ||| qw: Do Orc after D:15 true
     0 | D:1      | 0 ||| qw: Do second Lair branch before Depths: true
     0 | D:1      | 0 ||| qw: Lair rune preference: random
     0 | D:1      | 0 ||| qw: Plans: Normal
     0 | D:1      | 0 ||| PLANNING D:1-11
    93 | D:1      | Reached XP level 2. HP: 15/17 MP: 6/6
   131 | D:1      | 131 ||| DROPPING scroll of blinking.
   142 | D:1      | Reached skill level 3 in Axes
   195 | D:1      | HP: 4/17 [rat (1)]
   499 | D:1      | 499 ||| DROPPING +0 club.
   570 | D:1      | 570 ||| Stepping ~*~*~tactically~*~*~ (stealth).
   573 | D:1      | 573 ||| Stepping ~*~*~tactically~*~*~ (stealth).
   598 | D:1      | Reached XP level 3. HP: 21/21 MP: 7/7
   601 | D:1      | 601 ||| Stepping ~*~*~tactically~*~*~ (stealth).
   603 | D:1      | 603 ||| Stepping ~*~*~tactically~*~*~ (stealth).
   605 | D:1      | 605 ||| Stepping ~*~*~tactically~*~*~ (stealth).
   606 | D:1      | 606 ||| Stepping ~*~*~tactically~*~*~ (hiding).
   750 | D:1      | Reached skill level 4 in Axes
   841 | D:1      | 841 ||| Stepping ~*~*~tactically~*~*~ (stealth).
   842 | D:1      | 842 ||| Stepping ~*~*~tactically~*~*~ (stealth).
   846 | D:1      | 846 ||| Stepping ~*~*~tactically~*~*~ (stealth).
   864 | D:1      | Found a faded altar of an unknown god.
  1472 | D:1      | 1472 ||| UPGRADING to +0 scale mail.
  1482 | D:1      | 1482 ||| DROPPING +0 leather armour.
  1483 | D:1      | 1483 ||| DROPPING ring of wizardry.
  1484 | D:1      | 1484 ||| READING scroll labelled UKASETOBBI.
  1485 | D:1      | 1485 ||| READING scroll labelled EHAMOE YBBOU.
  1554 | D:2      | 1554 ||| FLEEEEING.
  1555 | D:2      | 1555 ||| FLEEEEING.
  1556 | D:2      | 1556 ||| FLEEEEING.
  1557 | D:2      | 1557 ||| FLEEEEING.
  1558 | D:2      | 1558 ||| FLEEEEING.
  1559 | D:2      | 1559 ||| FLEEEEING.
  1561 | D:2      | 1561 ||| FLEEEEING.
  1562 | D:2      | 1562 ||| FLEEEEING.
  1563 | D:2      | 1563 ||| FLEEEEING.
  1565 | D:2      | 1565 ||| FLEEEEING.
  1566 | D:2      | 1566 ||| FLEEEEING.
  1567 | D:2      | 1567 ||| FLEEEEING.
  1568 | D:2      | 1568 ||| FLEEEEING.
  1569 | D:2      | 1569 ||| FLEEEEING.
  1570 | D:2      | 1570 ||| FLEEEEING.
  1571 | D:2      | 1571 ||| FLEEEEING.
  1572 | D:2      | 1572 ||| FLEEEEING.
  1573 | D:2      | 1573 ||| FLEEEEING.
  1574 | D:2      | 1574 ||| FLEEEEING.
  1575 | D:2      | 1575 ||| FLEEEEING.
  1576 | D:2      | 1576 ||| FLEEEEING.
  1577 | D:2      | 1577 ||| FLEEEEING.
  1578 | D:2      | 1578 ||| FLEEEEING.
  1579 | D:2      | 1579 ||| FLEEEEING.
  1580 | D:2      | 1580 ||| FLEEEEING.
  1581 | D:2      | 1581 ||| FLEEEEING.
  1582 | D:2      | 1582 ||| FLEEEEING.
  1583 | D:2      | 1583 ||| FLEEEEING.
  1584 | D:2      | 1584 ||| FLEEEEING.
  1585 | D:2      | 1585 ||| FLEEEEING.
  1586 | D:2      | 1586 ||| FLEEEEING.
  1588 | D:2      | 1588 ||| FLEEEEING.
  1589 | D:2      | 1589 ||| FLEEEEING.
  1590 | D:2      | 1590 ||| FLEEEEING.
  1591 | D:2      | 1591 ||| FLEEEEING.
  1592 | D:2      | 1592 ||| FLEEEEING.
  1593 | D:2      | 1593 ||| FLEEEEING.
  1594 | D:2      | 1594 ||| STAIRDANCE
  1803 | D:2      | Reached XP level 4. HP: 22/26 MP: 8/8
  2080 | D:2      | Reached skill level 5 in Axes
  2544 | D:2      | 2544 ||| DROPPING scarf of harm.
  2545 | D:2      | 2545 ||| READING scroll labelled ZYZOAM QAZATT.
  2546 | D:2      | 2546 ||| READING scroll labelled XEBABLITEA.
  2665 | D:3      | Identified the +0 ring mail of the Worm {Str+7 Int+2}
  2720 | D:3      | 2720 ||| Stepping ~*~*~tactically~*~*~ (stealth).
  2726 | D:3      | 2726 ||| Stepping ~*~*~tactically~*~*~ (stealth).
  2756 | D:3      | Found a glowing golden altar of the Shining One.
  2759 | D:3      | 2759 ||| Stepping ~*~*~tactically~*~*~ (stealth).
  2763 | D:3      | 2763 ||| Stepping ~*~*~tactically~*~*~ (stealth).
  2766 | D:3      | 2766 ||| Stepping ~*~*~tactically~*~*~ (stealth).
  2768 | D:3      | 2768 ||| Stepping ~*~*~tactically~*~*~ (stealth).
  2832 | D:3      | 2832 ||| Stepping ~*~*~tactically~*~*~ (hiding).
  2846 | D:3      | Gained mutation: Your magical nature lets you fly swiftly
                  | and evasively. [Tengu growth]
  2846 | D:3      | Reached XP level 5. HP: 30/30 MP: 9/9
  3015 | D:3      | 3015 ||| Stepping ~*~*~tactically~*~*~ (stealth).
  3115 | D:3      | 3115 ||| Stepping ~*~*~tactically~*~*~ (stealth).
  3120 | D:3      | 3120 ||| Stepping ~*~*~tactically~*~*~ (hiding).
  3522 | D:3      | 3522 ||| UPGRADING to +0 ring mail of the Worm {Str+7
                  | Int+2}.
  3532 | D:3      | 3532 ||| DROPPING +0 scale mail.
  3533 | D:3      | 3533 ||| READING scroll labelled PAD ALAAGECS.
  3534 | D:3      | 3534 ||| READING scroll labelled ZOKLUS UGHUCZI.
  3535 | D:3      | 3535 ||| DRINKING 2 brown potions.
  3568 | D:4      | Noticed a phantom
  3569 | D:4      | 3569 ||| Stepping ~*~*~tactically~*~*~ (stealth).
  3574 | D:4      | 3574 ||| STAIRDANCE
  3591 | D:4      | Killed a phantom
  3592 | D:4      | Reached skill level 6 in Axes
  3592 | D:4      | 3592 ||| FLEEEEING.
  3593 | D:4      | 3593 ||| FLEEEEING.
  3594 | D:4      | 3594 ||| FLEEEEING.
  3595 | D:4      | 3595 ||| FLEEEEING.
  3596 | D:4      | 3596 ||| FLEEEEING.
  3597 | D:4      | 3597 ||| FLEEEEING.
  3598 | D:4      | 3598 ||| FLEEEEING.
  3599 | D:4      | 3599 ||| STAIRDANCE
  3861 | D:4      | Noticed an ogre
  3868 | D:4      | Killed an ogre
  3869 | D:4      | Reached skill level 7 in Axes
  3869 | D:4      | Reached XP level 6. HP: 35/35 MP: 10/10
  4010 | D:4      | Noticed Eustachio
  4025 | D:4      | HP: 9/36 [shadow imp/nerve-wracking pain[Eustachio] (4)]
  4026 | D:4      | HP: 3/36 [shadow imp[Eustachio] (5)]
  4027 | D:4      | Killed Eustachio
  4028 | D:4      | Reached XP level 7. HP: 3/43 MP: 11/11
  4028 | D:4      | Slain by a gnoll

Levels and vault maps discovered:
D:1:      minmay_arrival_diagonal_passages, layout_basic,
          hellmonk_ecumenical_altar_crossroads, chequers_garden,
          minmay_hexomino_u4
D:2:      layout_basic, grunt_ministairs_9
D:3:      wad_woods_stonehenge, layout_basic, kennysheep_generic_room_3
D:4:      layout_loops_corners, minmay_misc_feat_nine_boxes, uniq_eustachio

Skill      XL: |  1  2  3  4  5  6 |
---------------+-------------------+-----
Axes           | 3 4 5 7 |  7.1
Fighting       | 4 |  4.2
Throwing       | |  1.0
Armour         | |  1.1
Dodging        | |  2.1
Spellcasting   | |  2.0
Translocations | |  2.4

Action                   |  1- 3 |  4- 6 |  7- 9 || total
-------------------------+-------+-------+-------++-------
Melee: Hand axe          |    88 |   149 |       ||   237
       Kick              |    13 |    38 |       ||    51
       Peck              |    10 |    26 |       ||    36
Throw: Boomerang         |     7 |       |       ||     7
  Use: Scroll            |     2 |     4 |       ||     6
       Potion            |       |     1 |       ||     1
Armor: Leather armour    |    14 |       |       ||    14
       Scale mail        |    12 |    42 |       ||    54
       Ring mail         |       |     6 |       ||     6
Dodge: Dodged            |    50 |    86 |       ||   136

Table legend:
 A = Non-vault XP
 B = Vault XP
 C = Vault XP percentage of total XP
 D = Non-vault monster count
 E = Vault monster count
 F = Vault count percentage of total count
                 A         B        C        D         E       F
            +---------+---------+-------+---------+---------+-------
      Total |     493 |     213 |  30.2 |      74 |      18 |  19.6
            +---------+---------+-------+---------+---------+-------
        D:1 |      50 |      14 |  21.9 |      27 |       8 |  22.9
        D:2 |      81 |       3 |   3.6 |      21 |       2 |   8.7
        D:3 |      33 |      11 |  25.0 |      17 |       7 |  29.2
        D:4 |     329 |     185 |  36.0 |       9 |       1 |  10.0
            +---------+---------+-------+---------+---------+-------
